 Dungeon Crawl Stone Soup version 0.29.1-1-gd02db6906a (webtiles) character file.

Game seed: 18404204419669383307

901 croobank the Sneak (level 8, -1/78 HPs)
             Began as an Octopode Summoner on Oct 8, 2022.
             Was an Initiate of Gozag.
             Shot with an arrow by a centaur (7 damage)
             ... on level 5 of the Dungeon.
             The game lasted 00:14:53 (4561 turns).

croobank the Sneak (Octopode Summoner)              Turns: 4561, Time: 00:14:54

Health: -1/78      AC: 24    Str:  5 (8)  XL:     8   Next: 7%
Magic:  8/14       EV:  2    Int: 21 (24) God:    Gozag
Gold:   260        SH:  0    Dex: 11 (12) Spells: 6/15 levels left

rFire   . . .      SeeInvis .   y - +5 trident "Zuampod" {freeze, Will+ Int+5}
rCold   . . .      Faith    .   (no shield)
rNeg    . . .      Spirit   .   (helmet currently unavailable)
rPois   +          Reflect  .   (no amulet)
rElec   +          Harm     .   b - ring "Foala" {rElec Will+ rCorr}
rCorr   +          Rampage  .   C - ring of wizardry
Will    ++...      NoTele   +   (no ring)
Stlth   +++.......              (no ring)
HPRegen 0.23/turn               (no ring)
MPRegen 0.14/turn               (no ring)
                                (no ring)
                                (no ring)

@: tree-form, gold aura, invisible
A: stationary, stasis, torment immunity, boosted hp, almost no armour,
(amphibious), 8 rings, (camouflage 1), (gelatinous body 1), (nimble swimmer 1),
(tentacles)
a: Renounce Religion, Potion Petition, Call Merchant, Bribe Branch


You were on level 5 of the Dungeon.
You worshipped Gozag.
Gozag was aware of your devotion.
You were a tree.
You visited 1 branch of the dungeon, and saw 5 of its levels.

You collected 301 gold pieces.
You paid 41 gold pieces to Gozag.

Inventory:

Hand Weapons
 n - a +1 short sword of speed
 s - a +4 mace
 y - the +5 trident "Zuampod" (weapon) {freeze, Will+ Int+5}
   (You found it on level 3 of the Dungeon)

   It freezes those it strikes, dealing additional cold damage.
   It can also slow down cold-blooded creatures.
   Int:       It affects your intelligence (+5).
   Will:      It increases your willpower.
 z - a +3 quarterstaff of chaos
Missiles
 f - 12 boomerangs (quivered)
 A - 3 boomerangs of dispersal
Magical Staves
 m - a staff of poison
 x - a staff of death
Jewellery
 b - the ring "Foala" (left branch) {rElec Will+ rCorr}
   (You acquired it on level 2 of the Dungeon)

   [ring of resist corrosion]

   rElec:     It insulates you from electricity.
   rCorr:     It protects you from acid and corrosion.
   Will:      It increases your willpower.
 C - a ring of wizardry (right branch)
Wands
 r - a wand of roots (7)
Scrolls
 i - 2 scrolls of teleportation {unknown}
 k - 3 scrolls of poison {unknown}
 l - 2 scrolls of fear {unknown}
 t - 4 scrolls of identify
 u - a scroll of silence {unknown}
 B - a scroll of enchant armour {unknown}
Potions
 a - 2 potions of magic
 c - 2 potions of lignification
 d - a potion of berserk rage
 e - a potion of cancellation
 g - 6 potions of curing
 h - a potion of might
 j - 3 potions of degeneration
 p - a potion of attraction {unknown}
 q - a potion of brilliance {unknown}
 v - 2 potions of flight {unknown}
 w - a potion of ambrosia {unknown}


   Skills:
 + Level 3.5 Fighting
 + Level 4.2 Dodging
 + Level 6.1 Stealth
 + Level 4.0 Spellcasting
 + Level 1.7 Hexes
 + Level 5.5 Summonings


You had 6 spell levels left.
You knew the following spells:

 Your Spells              Type           Power      Damage    Failure   Level
a - Summon Small Mammal   Summ           100%       N/A       1%          1
b - Call Imp              Summ           27%        N/A       1%          2
c - Call Canine Familiar  Summ           27%        N/A       1%          3
d - Summon Guardian Gole  Hex/Summ       19%        N/A       3%          3

Your spell library contained the following spells:

 Spells                   Type           Power      Damage    Failure   Level
 Gell's Gravitas          Tloc           4%         N/A       14%         3
 Lesser Beckoning         Tloc           4%         N/A       14%         3
 Teleport Other           Tloc           4%         N/A       14%         3
 Summon Lightning Spire   Summ/Air       15%        N/A       16%         4
 Orb of Destruction       Conj           2%         9d5       100%        7
 Spellforged Servitor     Conj/Summ      7%         N/A       100%        7


Dungeon Overview and Level Annotations

Branches:
Dungeon (5/15)             Temple (0/1) D:5

Altars:
Ashenzari
Elyvilon
Gozag
Nemelex Xobeh


Innate Abilities, Weirdness & Mutations

You are a tree.
Your roots penetrate the ground, keeping you stationary.
You cannot be teleported.
You are immune to unholy pain and torment.
Your maximum health is greatly increased.
You cannot wear most types of armour.
((You are amphibious.))
You can wear up to eight rings at the same time.
((Your skin changes colour to match your surroundings (Stealth+).))
((Your rubbery body absorbs attacks. (AC +1, EV +1)))
((You are camouflaged when in or above water. (Stealth+)))
((You have tentacles for arms and can constrict up to eight enemies at once.))


Message History

What are your orders? t - Creak!
Orders for allies: a - Attack new target. p - Attack previous target. r - Retreat! s - Stop attacking. g - Guard the area. f - Follow me.
Anything else - Cancel.
Gang up on whom?
Press: ? - help, Dir - move target, f - centaur, p - hound
Aim: a centaur, wielding a +0 shortbow and quivering stones (moderately wounded) Attack!
The hound bites you but does no damage.
The centaur shoots an arrow.
The arrow hits you!
* * * LOW HITPOINT WARNING * * *
Your guardian golem is engulfed in blazing flames.
Your guardian golem disappears in a puff of smoke!
Your guardian golem explodes!
The fiery explosion engulfs the hound!!
The hound dies!
The fiery explosion engulfs your hound!!
Your hound dies!
Your hound's corpse disappears in a puff of smoke!
You hear a shout!
Your Spellcasting skill increases to level 4!
Okay, then.
As you read the scroll of identify, it crumbles to dust.
h - a potion of might The centaur shoots an arrow.
The arrow hits your quokka!
Your quokka dies!
Your quokka's corpse disappears in a puff of smoke!
The centaur shoots an arrow.
The arrow hits you.
* * * LOW HITPOINT WARNING * * *
It was a potion of degeneration.
There was something very wrong with that liquid.
You feel weakened.
You feel dopey.
You feel clumsy.
The centaur shoots an arrow.
The arrow hits you but does no damage.
It was a potion of invisibility.
You fade into invisibility!
The centaur shoots an arrow.
The arrow hits you but does no damage.
The centaur shoots an arrow.
The arrow hits you!
You die...
Your body crumbles into a pile of gold.

..............................#..
.......###.............#.#.#.....
.......###########...#.......#...
...#......# .#...#.>.#...#.
...#......# ...#.......#... .
#......########.....#.#.#.....
#......##.....................
#.................... #......
...............♣.....# $......
................§§§.... ......
.........##.##...§§§.### ###+#
.........##..#..§.§§..# #
.................c.....
..#...................
..#...................
..........###.... ......# ..


You could see a centaur (unable to see you).

Vanquished Creatures
  A phantom (D:4)
  2 hounds
  Crazy Yiuf (D:3)
  3 adders
  A worm (D:2)
  A dart slug (D:3)
  An orc (D:4)
  4 ball pythons
  3 endoplasms
  A giant cockroach (D:4)
  5 goblins
  3 hobgoblins
  6 jackals
  2 bats (D:1)
  2 kobolds (D:3)
  2 rats (D:1)
38 creatures vanquished.

Vanquished Creatures (collateral kills)
  Sigmund (D:3)
  A phantom (D:5)
  A scorpion (D:5)
  Jessica (D:2)
  An orc wizard (D:5)
  3 adders
  3 worms
  3 dart slugs
  3 orcs (D:5)
  5 endoplasms
  2 giant cockroaches (D:1)
  2 goblins
  5 hobgoblins
  2 jackals (D:1)
  2 kobolds (D:1)
  2 quokkas (D:2)
  3 ball pythons
  3 bats
  3 frilled lizards
46 creatures vanquished.

Vanquished Creatures (others)
  An ice beast (D:5)
  A necrophage (D:5)
  A scorpion (D:5)
  A hound (D:5)
4 creatures vanquished.

Grand Total: 88 creatures vanquished

Notes
Turn   | Place    | Note
-------+----------+-------------------------------------------
     0 | D:1      | croobank the Octopode Summoner began the quest for the Orb.
     0 | D:1      | Reached XP level 1. HP: 11/11 MP: 3/3
    87 | D:1      | Reached XP level 2. HP: 4/18 MP: 1/5
    90 | D:1      | Reached skill level 3 in Stealth
   374 | D:1      | You fall into a shaft and drop 1 floor!
   378 | D:2      | Learned a level 2 spell: Call Imp
   878 | D:1      | Found a faded altar of an unknown god.
   934 | D:1      | Reached XP level 3. HP: 22/22 MP: 1/6
   938 | D:1      | Learned a level 3 spell: Call Canine Familiar
  1116 | D:2      | Reached skill level 1 in Fighting
  1279 | D:2      | Identified a scroll of acquirement
  1279 | D:2      | Acquired the ring "Foala" {rElec Will+ rCorr}
  1426 | D:2      | Reached XP level 4. HP: 28/28 MP: 3/7
  1907 | D:2      | Noticed Jessica
  1916 | D:2      | Killed Jessica
  2127 | D:3      | Found a broken altar of Ashenzari.
  2137 | D:3      | Noticed Sigmund
  2154 | D:3      | Killed Sigmund
  2155 | D:3      | Reached skill level 4 in Stealth
  2155 | D:3      | Reached XP level 5. HP: 23/35 MP: 4/9
  2155 | D:3      | Reached XP level 6. HP: 26/40 MP: 4/10
  2354 | D:3      | Found a runed translucent door.
  2355 | D:3      | Noticed Crazy Yiuf
  2541 | D:3      | Found a sparkling altar of Nemelex Xobeh.
  2950 | D:3      | Identified the +5 trident "Zuampod" {freeze, Will+ Int+5}
  3174 | D:3      | Killed Crazy Yiuf
  3438 | D:4      | Reached skill level 5 in Stealth
  3438 | D:4      | Reached skill level 5 in Summonings
  3603 | D:4      | Identified the +5 trident of croobank's Execution {flame,
                  | rC+}
  3783 | D:4      | Found an opulent altar of Gozag.
  3791 | D:4      | Reached XP level 7. HP: 26/45 MP: 12/12
  3792 | D:4      | Became a worshipper of Gozag Ym Sagoz the Greedy
  4132 | D:5      | Entered Level 5 of the Dungeon
  4133 | D:5      | Found a white marble altar of Elyvilon.
  4167 | D:5      | Learned a level 3 spell: Summon Guardian Golem
  4243 | D:5      | Found a staircase to the Ecumenical Temple.
  4349 | D:5      | Reached skill level 1 in Hexes
  4441 | D:5      | Reached skill level 6 in Stealth
  4441 | D:5      | Reached XP level 8. HP: 52/52 MP: 6/13
  4561 | D:5      | Shot with an arrow by a centaur

Illustrated notes

Levels and vault maps discovered:
D:1:      tarquinn_simple_flora_water_e, layout_rooms,
          chequers_ecumenical_altar_simple_redux
D:2:      minmay_evil_eye, layout_basic, uniq_jessica
D:3:      layout_loops_ring, nicolae_overflow_hidden_temple,
          nemelex_spade_bored_becter, uniq_crazy_yiuf_cottage, uniq_sigmund
D:4:      layout_cave_pools, mainiacjoe_overflow_alcove_2
D:5:      layout_basic, lemuel_crystal_altar, minmay_temple_entry_sparse_star

Skill      XL: |  1  2  3  4  5  6  7  8 |
---------------+-------------------------+-----
Stealth        | 3 4 5 6 |  6.1
Fighting       | 1 2 3 |  3.5
Dodging        | 3 4 |  4.2
Spellcasting   | 3 4 |  4.0
Summonings     | 5 |  5.5
Hexes          | 1 |  1.7

Action                   |  1- 3 |  4- 6 |  7- 9 || total
-------------------------+-------+-------+-------++-------
Melee: Unarmed           |    13 |       |       ||    13
       Constrict         |     6 |     6 |     1 ||    13
       Tentacles         |     4 |     6 |     1 ||    11
       Short sword       |    10 |    17 |       ||    27
       Trident           |       |    31 |    14 ||    45
       Punch             |       |     3 |       ||     3
 Cast: Summon Small Mamm |    21 |    27 |     8 ||    56
       Call Imp          |     8 |     8 |     3 ||    19
       Call Canine Famil |     5 |     7 |     3 ||    15
       Summon Guardian G |       |       |     5 ||     5
  Use: Potion            |     1 |     2 |     3 ||     6
       Scroll            |     3 |       |     1 ||     4
 Stab: Sleeping          |     1 |    17 |       ||    18
Armor: Skin              |    12 |     3 |    10 ||    25
Dodge: Dodged            |    20 |    14 |    14 ||    48
